 Dungeon Crawl Stone Soup version 0.19.5 (webtiles) character file.

988 sveltemanboy the Changer (level 8, 0/39 HPs)
             Began as a Vine Stalker Hunter on Mar 7, 2017.
             Slain by an orc warrior
             ... wielding a +0 short sword
              (9 damage)
             ... on level 6 of the Dungeon.
             The game lasted 00:13:27 (4041 turns).

sveltemanboy the Changer (Vine Stalker Hunter)      Turns: 4041, Time: 00:13:28

Health: 0/39       AC:  9    Str: 16    XL:     8   Next: 18%
Magic:  0/12       EV: 10    Int: 13    God:
Gold:   251        SH:  0    Dex: 14    Spells: 1 memorised, 10 levels left

rFire  . . .     SeeInvis .     a - +1 hand crossbow
rCold  . . .     Gourm    .     u - +0 scale mail {rN+}
rNeg   + . .     Faith    .     (no shield)
rPois  .         Spirit   +     (no helmet)
rElec  .         Reflect  .     (no cloak)
rCorr  .         Harm     .     i - +0 pair of gloves
MR     +....                    e - +0 pair of boots (curse)
Stlth  ..........               (no amulet)
                                (no ring)
                                h - ring of wizardry

@: no status effects
A: fangs 3, regeneration 1, magic shield, antimagic bite, no device heal 3, rot
immunity
a: no special abilities


You were on level 6 of the Dungeon.
You were not hungry.

You visited 2 branches of the dungeon, and saw 7 of its levels.

You collected 251 gold pieces.

Inventory:

Hand Weapons
 a - a +1 hand crossbow (weapon)
Missiles
 d - 33 bolts (quivered)
Armour
 e - a cursed +0 pair of boots (worn)
 i - a +0 pair of gloves (worn)
 u - a +0 scale mail of positive energy (worn)
Jewellery
 h - a ring of wizardry (left hand)
Wands
 G - a wand of confusion (21/48)
Scrolls
 b - 2 scrolls of remove curse {unknown}
 c - 3 scrolls of recharging {unknown}
 g - 4 scrolls of identify {unknown}
 j - 2 scrolls of fear {unknown}
 n - a scroll of noise {unknown}
 p - 2 scrolls of random uselessness {unknown}
 r - 2 scrolls of fog {unknown}
 x - a scroll of enchant weapon {unknown}
 z - 2 scrolls of amnesia {unknown}
 A - a scroll of enchant armour {unknown}
 D - a scroll of immolation {unknown}
 F - a scroll of teleportation {unknown}
Potions
 k - 4 potions of curing {unknown}
 l - a potion of haste {unknown}
 m - a potion of lignification {unknown}
 o - 2 potions of heal wounds {unknown}
 s - a potion of brilliance {unknown}
 B - 2 potions of invisibility {unknown}
 C - a potion of cure mutation {unknown}
Books
 y - a book of Changes

   Spells                             Type                      Level
   a - Beastly Appendage              Transmutation                1
   b - Sticks to Snakes               Transmutation                2
   c - Spider Form                    Transmutation/Poison         3
   d - Ice Form                       Ice/Transmutation            4
   e - Blade Hands                    Transmutation                5
Comestibles
 f - 2 bread rations
 q - a slice of pizza
 t - 2 beef jerkies
 v - 2 fruits
 w - 3 meat rations
 E - a chunk of flesh


   Skills:
 - Level 2.0 Fighting
 - Level 4.0 Crossbows
 - Level 3.0 Armour
 - Level 2.1 Dodging
 - Level 1.2 Stealth
 * Level 4.9 Unarmed Combat
 - Level 2.0 Spellcasting
 * Level 5.0 Transmutations


You had 10 spell levels left.
You knew the following spells:

 Your Spells              Type           Power        Failure   Level  Hunger
a - Beastly Appendage     Tmut           ##....       4%          1    ##.....


Dungeon Overview and Level Annotations

Branches:
Dungeon (6/15)             Temple (1/1) D:5

Altars:
Cheibriados
Dithmenos
Elyvilon
Fedhas
Gozag
Hepliaklqana
Kikubaaqudgha
Makhleb
Nemelex Xobeh
Okawaru
Qazlal
Ru
Sif Muna
Trog
Uskayaw
Vehumet
Xom
Yredelemnul
Zin
The Shining One

Shops:
D:5 [


Innate Abilities, Weirdness & Mutations

You have razor-sharp teeth.
Your natural rate of healing is unusually fast.
When hurt, damage is shared between your health and your magic reserves.
Your bite disrupts and absorbs the magic of your enemies.
Potions and wands cannot restore your health.
You are immune to rotting.


Message History

The orc warrior hits you with a short sword.
The orc wizard casts a spell.
The orc wizard blinks!
Firing (i - inventory):
d - 35 bolts (quivered)
Press: ? - help, Shift-Dir - straight line, f/p - orc warrior
Aim: an orc warrior, wielding a short sword and wearing a chain mail (severely wounded)
You shoot a bolt. The bolt hits the orc warrior.
The orc warrior is almost dead.
The orc warrior hits you with a short sword!!
* * * LOW HITPOINT WARNING * * *
You are too injured to fight recklessly!
You are too injured to fight recklessly!
Firing (i - inventory):
d - 34 bolts (quivered)
Press: ? - help, Shift-Dir - straight line, f/p - orc warrior
Aim: an orc warrior, wielding a short sword and wearing a chain mail (almost dead)
You shoot a bolt.
The bolt hits the orc warrior but does no damage.
The orc warrior is almost dead.
The orc warrior hits you with a short sword!
You die...

#.....#.<###.....
####.....#..### .##.
#.............##.##.
#..#.....#.##.......
#..#.....#..........
#..###.######...o#
#..# #.# #(..o(.(#
#..# #.###o#####.#
#..###..##@#
#.....#.#..#
##.##.#.#..#####
#.##.#........#
#.##.#..#####...
#.##.#.)# .
#.......# ####.##.#
#....#


You could see an orc warrior.

Vanquished Creatures
  Grinder (D:4)
  A sky beast (D:6)
  A centaur (D:5)
  3 crimson imps (D:5)
  A bullfrog zombie (D:5)
  2 hounds (D:5)
  An orc priest (D:6)
  A bullfrog skeleton (D:5)
  A gnoll shaman (D:4)
  An iguana (D:5)
  5 worker ants
  7 gnolls
  3 adders
  A howler monkey skeleton (D:4)
  An ooze (D:3)
  An adder zombie (D:5)
  A worm (D:3)
  A dart slug (D:1)
  15 orcs
  2 bats (D:1)
  2 giant cockroaches
  6 hobgoblins
  3 jackals (D:5)
  6 kobolds
  4 quokkas
  4 frilled lizards
  6 goblins
  A jackal skeleton (D:5)
  A leopard gecko skeleton (D:4)
  9 rats
92 creatures vanquished.

Notes
Turn   | Place    | Note
-------+----------+-------------------------------------------
     0 | D:1      | sveltemanboy the Vine Stalker Hunter began the quest for the Orb.
     0 | D:1      | Reached XP level 1. HP: 11/11 MP: 2/2
   162 | D:1      | Reached XP level 2. HP: 14/15 MP: 3/3
   768 | D:2      | Reached skill level 1 in Armour
   820 | D:2      | Reached XP level 3. HP: 18/18 MP: 4/4
  1568 | D:3      | Learned a level 1 spell: Beastly Appendage
  1612 | D:3      | Gained mutation: Your natural rate of healing is unusually fast. [Vine Stalker growth]
  1612 | D:3      | Reached XP level 4. HP: 22/23 MP: 5/5
  2035 | D:4      | Found an opulent altar of Gozag.
  2082 | D:4      | Reached skill level 1 in Transmutations
  2138 | D:4      | Reached skill level 1 in Spellcasting
  2281 | D:4      | Reached XP level 5. HP: 26/26 MP: 7/7
  2358 | D:4      | Reached skill level 1 in Unarmed Combat
  2434 | D:4      | Found a snail-covered altar of Cheibriados.
  2439 | D:4      | Noticed Grinder
  2449 | D:4      | Killed Grinder
  2449 | D:4      | Reached skill level 3 in Transmutations
  2449 | D:4      | Reached XP level 6. HP: 30/30 MP: 8/8
  2701 | D:4      | Found a sparkling altar of Nemelex Xobeh.
  2702 | D:4      | Found a deep blue altar of Sif Muna.
  2880 | D:5      | Entered Level 5 of the Dungeon
  3039 | D:4      | Reached XP level 7. HP: 22/35 MP: 3/9
  3188 | D:5      | Found Meolock's Antique Armour Shoppe.
  3231 | D:5      | Reached skill level 4 in Transmutations
  3354 | D:5      | Found an ancient bone altar of Kikubaaqudgha.
  3376 | D:5      | Found a staircase to the Ecumenical Temple.
  3402 | Temple   | Entered the Ecumenical Temple
  3830 | D:5      | Gained mutation: You have razor-sharp teeth. [Vine Stalker growth]
  3830 | D:5      | Reached XP level 8. HP: 37/39 MP: 11/11
  3911 | D:4      | Found an opulent altar of Gozag.
  3911 | D:4      | Found a shadowy altar of Dithmenos.
  3985 | D:6      | Reached skill level 5 in Transmutations
  4041 | D:6      | Slain by an orc warrior

Skill      XL: |  1  2  3  4  5  6  7  8 |
---------------+-------------------------+-----
Armour         | 1 2 3 |  3.0
Fighting       | 2 |  2.0
Dodging        | 2 |  2.1
Crossbows      | 4 |  4.0
Transmutations | 1 3 4 5 |  5.0
Spellcasting   | 1 2 |  2.0
Unarmed Combat | 2 3 4 |  4.9
Stealth        | |  1.2

Action                   |  1- 3 |  4- 6 |  7- 9 || total
-------------------------+-------+-------+-------++-------
Melee: Short sword       |    50 |       |       ||    50
       Bite              |    16 |    12 |    26 ||    54
       Unarmed           |       |    43 |   108 ||   151
       Headbutt          |       |       |    10 ||    10
       Punch             |       |       |     2 ||     2
 Fire: Hand crossbow     |    48 |   108 |    47 ||   203
 Cast: Beastly Appendage |       |       |     5 ||     5
  Eat: Chunk             |     2 |     5 |     3 ||    10
Armor: Leather armour    |     1 |       |       ||     1
       Ring mail         |     7 |       |       ||     7
       Scale mail        |    19 |    48 |    50 ||   117
Dodge: Dodged            |    33 |    71 |    52 ||   156
